Description

Early ling/bane rush

Replay - 11 Roach Rush

Build Order

Get SALT Encoding   

  12  0:00  Drone  
  13  0:14  Extractor  
  12  0:24  Spawning Pool  
  12  0:30  Drone  
  13  0:33  Drone  Fill extractor when it pops.
  14  0:42  Drone  
  14  0:51  Overlord  
  14  1:12  Zergling x6  
  17  1:17  Metabolic Boost  
  18  1:25  Zergling x2  
  20  1:33  Action  Attack with 6 zerglings
  21  1:37  Zergling x2  
  20  1:47  Baneling Nest  
Spawning Tool Build Advisor. Get it on Overwolf

Go to:

Details

  • Created by: jolleyboy
  • Published on: Jul 09, 2017
  • Modified on: Jul 09, 2017
  • Patch: 3.8.0
Show
View Real Time Build Order
Export as new Build Order

Comments (0)

There are no comments. Be the first!

Create an account to comment!